Map: Jungle Depths LE

Players

VeryEasyAI - Winner!

  • Race: Zerg Zerg
  • Spawn Location: 1:00

Stanisław - Winner!

  • Race: Terran Terran
  • League: Platinum
  • Spawn Location: 1:00

Glebogryzar - Winner!

  • Race: Protoss Protoss
  • League: Silver
  • Spawn Location: 3:00

Simas

  • Race: Terran Terran
  • Spawn Location: 7:00

MooEsqoo

  • Race: Protoss Protoss
  • Spawn Location: 7:00

Nigrnog

  • Race: Zerg Zerg
  • Spawn Location: 7:00

VOD

Have the link to the VOD?

Description

Time

  • Played on: Nov. 14, 2019, 1:54 p.m.
  • Length: 14:23
Show
View Real Time Build Order
Export as new Build Order

VeryEasyAI Zerg - Winner!

Build Orders: Hatch First, Lurkers, Roach Hydra 

Get SALT Encoding   

  12  0:01  Drone  
  13  0:12  Overlord  
  13  0:16  Drone  
  14  0:31  Drone x2  
  16  0:46  Drone  
  17  0:55  Hatchery  
  17  0:56  Drone  
  17  1:13  Spawning Pool  
  17  1:14  Drone  
  17  1:18  Extractor  
  16  1:20  Drone  
  16  1:23  Drone  
  18  1:30  Drone  
  19  1:39  Drone  
  20  1:49  Drone  
  21  2:02  Drone  
  21  2:07  Queen  
  24  2:09  Queen  
  24  2:10  Drone  
  24  2:11  Overlord  
  27  2:18  Drone  
  28  2:30  Drone  
  28  2:35  Drone x2  
  31  2:41  Drone  
  32  2:44  Drone  
  32  2:47  Queen  
  35  2:53  Overlord  
  35  2:54  Queen  
  35  2:55  Spine Crawler  
  36  3:11  Drone x3  
  39  3:13  Drone  
  39  3:18  Drone x4  
  44  3:37  Extractor  
  44  3:39  Extractor, Overlord x2  
  42  3:45  Roach Warren  
  41  3:57  Spore Crawler  
  41  3:58  Drone  
  41  3:59  Drone x2  
  41  4:00  Drone x3  
  46  4:05  Extractor, Drone x2  
  46  4:06  Drone  
  46  4:07  Drone x3  
  46  4:09  Spore Crawler  
  50  4:11  Drone  
  51  4:40  Drone  
  51  4:41  Evolution Chamber  
  51  4:42  Drone  
  51  4:43  Evolution Chamber  
  51  4:44  Overlord x6  
  51  4:59  Drone  
  52  5:02  Queen  
  52  5:04  Drone  
  52  5:05  Drone  
  56  5:10  Roach  
  56  5:11  Roach x2  
  56  5:12  Zerg Ground Armor Level 1, Zerg Missile Weapons Level 1  
  62  5:17  Roach  
  62  5:21  Lair  
  64  5:25  Roach  
  64  5:26  Roach x2  
  70  5:36  Hatchery  
  70  5:38  Pneumatized Carapace  
  69  5:51  Spore Crawler  
  69  5:56  Roach  
  69  5:57  Roach x8  
  84  6:10  Roach x2  
  84  6:18  Roach x3  
  86  6:30  Hatchery  
  85  6:37  Drone  
  86  6:44  Hydralisk Den, Drone x2  
  86  6:46  Infestation Pit  
  86  7:00  Roach x3  
  86  7:01  Roach x2  
  96  7:08  Nydus Network  
  95  7:15  Drone  
  96  7:19  Drone x4  
  96  7:21  Overlord  
  100  7:29  Hatchery  
  99  7:38  Overlord x5  
  99  7:39  Ravager  
  99  7:40  Ravager x8  
  99  7:42  Grooved Spines  
  99  7:43  Glial Reconstitution  
  108  7:48  Zerg Missile Weapons Level 2  
  108  7:55  Extractor  
  108  7:56  Extractor  
  106  8:01  Drone x6  
  112  8:12  Queen  
  112  8:14  Drone x3  
  112  8:16  Drone  
  112  8:17  Drone  
  112  8:19  Drone  
  120  8:21  Drone  
  120  8:22  Drone  
  120  8:24  Drone  
  120  8:25  Drone  
  124  8:27  Hydralisk  
  124  8:30  Hydralisk  
  124  8:33  Hydralisk, Spine Crawler  
  129  8:36  Hydralisk  
  131  8:42  Zerg Ground Armor Level 2  
  131  8:48  Hive, Overseer  
  131  8:50  Overseer  
  131  8:51  Overseer  
  131  8:52  Overseer  
  131  8:54  Muscular Augments  
  131  9:01  Hydralisk x2  
  131  9:02  Hydralisk  
  137  9:22  Roach x9  
  137  9:23  Roach x3  
  147  9:25  Drone  
  147  9:26  Roach  
  130  9:37  Roach  
  130  9:38  Roach x5  
  127  9:41  Hydralisk  
  127  9:42  Hydralisk  
  127  9:44  Hydralisk  
  128  10:13  Drone  
  129  10:16  Extractor x2  
  129  10:18  Lurker Den  
  129  10:21  Drone x2  
  128  10:23  Ultralisk Cavern  
  128  10:24  Drone x12, Queen  
  141  10:31  Spine Crawler  
  140  11:07  Hydralisk  
  140  11:08  Hydralisk x9  
  160  11:11  Overlord  
  160  11:12  Overlord x9  
  160  11:20  Spore Crawler  
  160  11:22  Spine Crawler  
  160  11:23  Spine Crawler  
  160  11:25  Drone x2  
  159  11:38  Metabolic Boost  
  159  11:39  Chitinous Plating  
  159  11:41  Ultralisk x3  
  159  11:45  Adaptive Talons  
  177  11:51  Zerg Melee Weapons Level 1  
  177  12:27  Ultralisk  
  177  12:28  Ultralisk  
  189  12:32  Lurker x2  
  187  12:54  Hydralisk x6  
  187  12:58  Anabolic Synthesis  
  179  13:09  Hydralisk  
  179  13:10  Hydralisk x10  
  193  13:13  Zergling x16  
  193  13:14  Zergling x2  
  200  13:26  Hydralisk x6  
  200  13:37  Spine Crawler x2  
  200  13:40  Spine Crawler  
  185  13:43  Spine Crawler  
  174  14:16  Lurker x6  
Show
View Real Time Build Order
Export as new Build Order

Stanisław Terran - Winner!

Build Orders: Reaper Expand 

Get SALT Encoding   

  12  0:01  SCV  
  13  0:13  SCV  
  14  0:21  Supply Depot  
  14  0:26  SCV  
  15  0:43  SCV  
  15  0:44  Barracks  
  15  0:49  Refinery  
  16  0:55  SCV  
  17  1:07  SCV  
  18  1:19  SCV  
  19  1:33  Orbital Command  
  19  1:35  Reaper  
  20  1:49  Command Center  
  20  1:56  Barracks  
  20  2:00  SCV  
  21  2:21  SCV  
  22  2:33  SCV  
  23  2:43  Factory  
  23  2:44  Barracks Reactor, Barracks Tech Lab  
  23  2:46  Refinery  
  23  2:59  Supply Depot  
  23  3:00  SCV  
  23  3:04  Orbital Command  
  24  3:12  SCV  
  25  3:25  SCV  
  26  3:31  Starport  
  26  3:32  Factory Tech Lab  
  26  3:37  SCV x2  
  28  3:46  Supply Depot  
  28  3:49  Marine x3, SCV x2  
  28  3:55  Stimpack  
  33  4:01  SCV x2  
  35  4:07  Marine x3  
  38  4:13  SCV x2  
  40  4:18  Starport Reactor  
  40  4:24  Marine x2  
  40  4:25  Marine  
  40  4:29  Supply Depot  
  40  4:30  Supply Depot  
  43  4:35  Siege Tank  
  45  4:39  SCV  
  45  4:40  SCV  
  45  4:42  Marine x3  
  50  4:51  SCV  
  51  4:59  Medivac x2  
  55  5:00  Marine x2  
  57  5:07  Supply Depot  
  57  5:10  Supply Depot  
  57  5:15  Marine  
  57  5:18  Marine x2  
  60  5:21  Barracks  
  60  5:23  SCV x2  
  62  5:29  Supply Depot  
  62  5:31  Refinery  
  62  5:34  Refinery  
  62  5:35  SCV x2, Bunker  
  64  5:45  Command Center  
  64  5:47  SCV x2  
  66  5:51  Starport  
  66  5:59  SCV  
  67  6:13  Engineering Bay  
  66  6:20  Marine x2  
  66  6:21  Marauder  
  66  6:22  Barracks Reactor  
  70  6:32  Engineering Bay  
  70  6:33  SCV x2  
  70  6:38  Marine  
  73  6:42  Missile Turret  
  73  6:45  Refinery, SCV x2  
  73  6:46  Refinery  
  75  6:47  Starport Tech Lab  
  75  6:53  Armory  
  75  6:57  SCV  
  75  6:58  Armory  
  75  7:00  Fusion Core  
  76  7:01  Terran Infantry Armor Level 1, Terran Infantry Weapons Level 1  
  76  7:08  Planetary Fortress  
  76  7:12  SCV x2  
  76  7:13  Missile Turret  
  78  7:17  Marine x4  
  78  7:18  Marauder, Siege Tank  
  87  7:24  SCV x2  
  89  7:34  Starport  
  89  7:35  Marine  
  90  7:37  Barracks  
  90  7:39  Marauder  
  90  7:40  Marine x2  
  90  7:41  Marine  
  95  7:50  Siege Tank  
  98  7:51  Weapon Refit  
  98  7:52  Marine  
  99  7:58  Marine x2  
  99  8:00  Missile Turret  
  99  8:01  Marauder  
  103  8:14  SCV  
  103  8:15  SCV x2  
  106  8:21  Starport Tech Lab, Starport  
  106  8:22  Marauder  
  106  8:23  Terran Ship Weapons Level 1  
  106  8:27  SCV, Factory  
  109  8:30  Barracks Tech Lab  
  109  8:42  Barracks  
  109  9:07  Marine x5, SCV x3, Marauder  
  109  9:08  Supply Depot  
  119  9:10  Siege Tank  
  122  9:17  Supply Depot  
  122  9:25  Marine x3  
  122  9:29  Marine x2  
  122  9:30  Marauder  
  129  9:33  Supply Depot  
  129  9:37  Supply Depot  
  129  9:42  Marine  
  129  9:43  Marine  
  125  9:47  Marauder, Medivac  
  125  9:48  Starport Tech Lab  
  125  9:49  Battlecruiser x2  
  140  9:55  Marauder  
  140  9:59  Barracks Reactor  
  142  10:04  Starport  
  142  10:08  Starport  
  142  10:09  Marauder  
  142  10:12  SCV x2  
  146  10:17  Terran Vehicle And Ship Armor Level 1  
  146  10:20  Supply Depot  
  146  10:23  Marine x4  
  146  10:24  Marauder  
  146  10:25  Factory Tech Lab  
  146  10:27  Medivac x2  
  156  10:41  Battlecruiser  
  156  10:42  Marauder  
  164  10:43  Supply Depot  
  164  10:48  Reaper  
  165  10:51  Starport Tech Lab  
  165  10:54  Starport Tech Lab  
  165  11:05  Battlecruiser, Reaper  
  165  11:06  Supply Depot  
  165  11:10  Command Center  
  172  11:15  Sensor Tower  
  172  11:32  Terran Infantry Weapons Level 2, Terran Infantry Armor Level 2  
  172  11:39  Terran Ship Weapons Level 2  
  172  11:42  Refinery, Combat Shield  
  172  11:46  Battlecruiser  
  178  11:48  Marine x3  
  181  11:54  Supply Depot  
  181  11:58  Supply Depot  
  181  12:08  Refinery  
  181  12:15  Marine x3, SCV x3  
  181  12:17  Supply Depot  
  181  12:20  Battlecruiser, Supply Depot  
  193  12:24  Planetary Fortress  
  193  12:28  SCV  
  194  12:30  SCV x2  
  196  12:40  SCV  
  196  12:42  SCV  
Show
View Real Time Build Order
Export as new Build Order

Glebogryzar Protoss - Winner!

Build Orders:  

Get SALT Encoding   

  12  0:02  Probe  
  13  0:14  Probe  
  14  0:27  Pylon, Probe  
  15  0:39  Assimilator  
  15  0:45  Probe  
  15  0:46  Gateway  
  16  0:57  Probe  
  17  1:10  Forge  
  17  1:17  Probe  
  18  1:30  Pylon, Probe  
  19  1:34  Pylon  
  19  1:38  Zealot, Assimilator  
  21  1:50  Cybernetics Core  
  21  2:02  Protoss Ground Weapons Level 1 (Chrono Boost)  
  21  2:24  Nexus  
  21  2:33  Pylon  
  21  2:37  Probe  
  21  2:44  Stalker (Chrono Boost)  
  22  2:47  Warp Gate (Chrono Boost)  
  22  2:49  Probe  
  25  3:13  Pylon  
  25  3:15  Assimilator  
  25  3:24  Photon Cannon  
  25  3:37  Probe (Chrono Boost)  
  25  3:40  Probe (Chrono Boost)  
  28  3:49  Probe (Chrono Boost)  
  28  3:54  Probe (Chrono Boost), Gateway  
  29  3:56  Gateway  
  29  4:00  Gateway  
  29  4:01  Probe (Chrono Boost)  
  30  4:08  Probe (Chrono Boost)  
  31  4:15  Probe (Chrono Boost)  
  32  4:18  Probe (Chrono Boost)  
  32  4:21  Probe (Chrono Boost)  
  32  4:23  Probe (Chrono Boost), Protoss Ground Armor Level 1 (Chrono Boost)  
  34  4:30  Stalker  
  37  4:46  Probe x2  
  37  4:51  Assimilator  
  39  4:57  Photon Cannon  
  39  4:58  Probe  
  39  4:59  Probe  
  41  5:01  Photon Cannon  
  41  5:11  Photon Cannon  
  41  5:13  Photon Cannon  
  41  5:21  Shield Battery  
  41  5:22  Shield Battery  
  41  5:24  Probe x2  
  43  5:36  Probe x2  
  45  5:48  Probe x2  
  41  6:05  Zealot x2  
  41  6:06  Zealot x2  
  49  6:14  Twilight Council  
  49  6:17  Robotics Facility  
  49  6:26  Protoss Shields Level 1 (Chrono Boost)  
  49  6:39  Zealot x2  
  53  6:40  Zealot  
  55  6:47  Charge (Chrono Boost)  
  55  6:53  Probe x2  
  57  7:09  Nexus  
  57  7:11  Assimilator  
  57  7:12  Probe x2  
  57  7:15  Assimilator  
  59  7:18  Pylon  
  59  7:21  Pylon  
  59  7:25  Pylon  
  59  7:43  Zealot x4  
  67  7:59  Probe x2  
  69  8:11  Probe  
  70  8:17  Observer (Chrono Boost)  
  70  8:18  Protoss Ground Weapons Level 2 (Chrono Boost)  
  70  8:19  Robotics Bay  
  71  8:24  Probe  
  71  8:25  Probe x2  
  74  8:31  Observer (Chrono Boost)  
  75  8:36  Probe  
  75  8:37  Probe x2, Gateway  
  75  8:39  Gateway  
  78  8:41  Gateway  
  78  8:43  Gateway  
  78  8:49  Probe x3  
  81  9:01  Photon Cannon  
  81  9:05  Photon Cannon  
  81  9:07  Nexus  
  81  9:10  Assimilator  
  81  9:15  Assimilator  
  79  9:18  Pylon  
  79  9:21  Pylon  
  79  9:23  Stalker x2, Pylon  
  79  9:24  Stalker x2  
  71  9:36  Stalker x2  
  67  10:18  Probe x3  
  70  10:24  Probe  
  71  10:30  Probe x3  
  71  10:33  Gateway  
  71  10:34  Stalker, Gateway  
  71  10:35  Stalker x5  
  82  10:36  Stalker x2, Gateway  
  82  10:38  Protoss Ground Armor Level 2 (Chrono Boost), Gateway  
  90  10:42  Colossus  
  90  10:44  Extended Thermal Lance (Chrono Boost)  
  96  10:55  Robotics Facility  
  96  10:56  Robotics Facility  
  96  11:04  Probe x2  
  96  11:10  Probe  
  96  11:11  Probe  
  100  11:16  Probe x2  
  102  11:23  Probe x2  
  104  11:37  Pylon  
  104  11:40  Pylon  
  104  11:43  Pylon  
  104  11:48  Pylon  
  104  11:51  Stalker x5  
  104  11:52  Stalker  
  104  11:53  Stalker  
  104  11:54  Stalker x3  
  120  11:55  Photon Cannon  
  120  11:58  Photon Cannon  
  120  12:01  Colossus x2  
  124  12:02  Colossus  
  124  12:05  Photon Cannon  
  142  12:16  Templar Archives  
  142  12:18  Pylon  
  142  12:21  Pylon  
  142  12:26  Pylon  
  140  12:47  Pylon  
  131  12:56  Stalker x5  
  131  12:57  Stalker x6  
  131  12:58  Stalker  
  142  13:06  Probe (Chrono Boost)  
  138  13:14  Probe x3 (Chrono Boost)  
  138  13:16  Probe (Chrono Boost)  
  137  13:21  Probe x4 (Chrono Boost)  
  141  13:32  Probe x2  
  143  13:44  Probe x4  
  145  13:51  Stalker x4  
  145  13:52  Stalker x4  
  145  13:53  Stalker x2  
  145  13:54  Stalker  
  167  13:56  Probe x3  
Show
View Real Time Build Order
Export as new Build Order

Simas Terran 

Build Orders:  

Get SALT Encoding   

  12  0:02  SCV  
  13  0:15  Supply Depot  
  13  0:18  SCV  
  14  0:30  SCV  
  15  0:41  Refinery  
  15  0:42  SCV  
  16  0:54  SCV, Barracks  
  17  1:06  SCV  
  18  1:12  Supply Depot  
  18  1:18  SCV  
  19  1:28  Barracks  
  19  1:30  SCV  
  20  1:35  Refinery  
  20  1:42  SCV  
  21  1:52  Barracks Reactor, Barracks  
  21  1:54  SCV  
  22  2:07  SCV  
  23  2:20  SCV  
  24  2:41  Barracks Reactor  
  24  2:42  Command Center  
  24  2:43  Barracks Reactor  
  24  2:53  Marine, Engineering Bay  
  24  2:54  Marine  
  26  3:11  Marine x2  
  28  3:19  Supply Depot  
  28  3:33  Factory  
  28  3:37  Marine x3  
  28  3:40  Marine x3  
  34  3:42  Supply Depot  
  34  4:07  SCV  
  35  4:19  SCV  
  36  4:28  Factory Tech Lab  
  36  4:29  Starport  
  36  4:31  SCV  
  37  4:37  Armory, Terran Infantry Weapons Level 1  
  37  4:43  SCV  
  38  4:45  Marine  
  38  4:46  Marine x4  
  38  4:47  Marine  
  44  4:55  SCV  
  45  5:07  SCV  
  46  5:19  SCV  
  47  5:30  Supply Depot  
  47  5:31  SCV  
  48  5:39  Starport  
  48  5:43  SCV  
  48  5:46  Marine x3  
  48  5:47  Marine x3  
  55  5:53  Supply Depot  
  55  5:55  SCV  
  56  6:04  Marine x2  
  56  6:08  SCV, Refinery  
  59  6:16  Supply Depot  
  59  6:17  Starport Tech Lab  
  59  6:20  SCV, Starport Tech Lab  
  60  6:31  Marine x2  
  60  6:32  Marine x4, SCV, Terran Infantry Armor Level 1, Refinery  
  67  6:33  Fusion Core  
  67  6:39  Supply Depot  
  67  6:44  SCV  
  68  6:56  SCV  
  69  7:01  Supply Depot  
  69  7:02  Siege Tank  
  69  7:08  SCV  
  73  7:20  SCV  
  74  7:32  SCV  
  74  7:34  Siege Tank  
  78  7:44  SCV  
  79  7:53  Battlecruiser  
  79  7:56  SCV  
  86  8:06  Siege Tank, Battlecruiser  
  95  8:24  Terran Vehicle Weapons Level 1  
  95  8:38  Siege Tank  
  98  8:50  Supply Depot  
  98  9:10  Siege Tank  
  98  9:12  Battlecruiser  
  107  9:17  Supply Depot  
  107  9:39  Battlecruiser  
  107  9:41  Supply Depot  
  113  10:04  Supply Depot  
  113  10:18  Terran Vehicle And Ship Armor Level 1  
  113  10:26  Supply Depot  
  113  10:42  Marine x2  
  114  10:43  Marine x4  
  114  10:49  Supply Depot  
  119  11:00  Marine x3  
  119  11:01  Marine x3  
  119  11:02  Battlecruiser x2  
  137  11:07  Siege Tank  
  140  11:18  Marine x3  
  143  11:31  Terran Infantry Weapons Level 2  
  143  11:39  Siege Tank  
  146  11:55  Supply Depot  
  146  12:12  Command Center  
  146  12:13  Terran Ship Weapons Level 1  
  146  12:17  Supply Depot  
  146  12:39  Supply Depot  
  131  13:03  Supply Depot  
  44  13:26  Supply Depot  
  44  13:49  Supply Depot  
  44  14:13  Supply Depot  
Show
View Real Time Build Order
Export as new Build Order

MooEsqoo Protoss 

Build Orders: 1 Gate Expand 

Get SALT Encoding   

  12  0:02  Probe  
  14  0:14  Probe  
  14  0:23  Pylon  
  14  0:31  Probe  
  15  0:42  Gateway  
  15  0:46  Assimilator  
  15  0:48  Probe  
  16  1:03  Probe  
  17  1:15  Probe  
  18  1:28  Probe  
  18  1:31  Nexus  
  19  1:40  Probe  
  20  1:47  Cybernetics Core  
  20  1:52  Probe  
  21  1:59  Pylon  
  21  2:09  Probe  
  21  2:13  Assimilator  
  22  2:21  Probe  
  22  2:22  Warp Gate (Chrono Boost)  
  23  2:25  Stalker (Chrono Boost)  
  25  2:42  Probe  
  25  2:43  Probe  
  27  2:54  Gateway  
  27  2:57  Forge  
  27  3:00  Gateway  
  27  3:03  Stalker  
  29  3:12  Pylon  
  29  3:15  Probe  
  29  3:17  Probe  
  31  3:27  Probe  
  31  3:29  Probe  
  31  3:30  Protoss Ground Weapons Level 1 (Chrono Boost)  
  31  3:31  Assimilator  
  35  3:41  Sentry (Chrono Boost)  
  35  3:46  Stalker (Chrono Boost)  
  39  3:59  Stalker (Chrono Boost), Probe  
  39  4:00  Probe  
  43  4:03  Stalker (Chrono Boost)  
  43  4:11  Probe  
  43  4:12  Probe  
  45  4:18  Gateway  
  45  4:23  Gateway  
  45  4:24  Probe  
  45  4:25  Probe  
  47  4:41  Stalker x3  
  47  4:43  Probe  
  54  4:51  Pylon  
  54  5:03  Pylon  
  54  5:06  Pylon  
  54  5:09  Probe  
  55  5:20  Stalker x2  
  55  5:21  Stalker  
  61  5:27  Stalker x2  
  65  5:41  Robotics Facility  
  65  5:47  Probe  
  65  5:48  Probe  
  65  6:27  Twilight Council  
  65  6:28  Warp Prism  
  65  6:30  Stalker  
  65  6:31  Stalker x4  
  77  6:42  Probe  
  78  6:48  Shield Battery  
  78  6:54  Stargate  
  78  7:09  Pylon  
  78  7:11  Pylon  
  78  7:13  Pylon  
  78  7:15  Pylon  
  78  7:17  Pylon  
  78  7:19  Pylon  
  78  7:27  Probe x2  
  80  7:37  Stalker x2  
  80  7:38  Stalker x3  
  80  7:43  Immortal (Chrono Boost)  
  90  7:50  Phoenix  
  96  7:58  Probe  
  97  8:08  Stalker x5  
  107  8:23  Oracle  
  110  8:34  Nexus  
  110  8:39  Assimilator  
  110  8:44  Assimilator  
  110  8:48  Stalker x2  
  110  8:49  Stalker x3  
  120  8:57  Pylon  
  120  8:59  Pylon  
  99  9:34  Stalker  
  99  9:35  Stalker x3  
  99  9:36  Stalker  
  61  10:07  Stalker x4  
  61  10:08  Stalker  
  71  10:17  Immortal (Chrono Boost)  
  71  10:21  Oracle (Chrono Boost)  
  78  10:34  Stalker x3  
  78  10:35  Stalker x2  
  88  10:42  Stargate  
  88  10:48  Probe  
  89  11:00  Probe  
  90  11:09  Stalker x3  
  90  11:10  Stalker x2  
  100  11:12  Probe  
  100  11:18  Protoss Ground Weapons Level 2 (Chrono Boost)  
  101  11:21  Blink (Chrono Boost)  
  101  11:24  Probe  
  102  11:33  Oracle (Chrono Boost)  
  102  11:36  Probe  
  106  11:44  Probe  
  107  11:49  Probe  
  108  11:54  Assimilator  
  108  12:01  Probe  
  109  12:08  Oracle  
  112  12:10  Oracle  
  112  12:13  Probe  
  116  12:25  Probe  
  117  12:30  Stalker x3  
  117  12:31  Stalker x2  
  127  12:58  Stalker x2  
  127  12:59  Stalker x3  
  78  13:29  Stalker x3  
  78  13:30  Stalker x2  
  33  14:08  Stalker  
  33  14:09  Stalker x4  
  36  14:17  Gateway  
  36  14:20  Gateway  
Show
View Real Time Build Order
Export as new Build Order

Nigrnog Zerg 

Build Orders: Pool First 

Get SALT Encoding   

  12  0:03  Drone  
  13  0:08  Drone  
  14  0:17  Overlord  
  14  0:36  Spawning Pool  
  14  0:37  Drone  
  14  0:41  Drone  
  15  0:46  Extractor  
  15  0:48  Drone  
  15  0:52  Drone  
  16  0:59  Drone  
  17  1:10  Drone  
  18  1:20  Drone  
  19  1:28  Queen  
  19  1:32  Drone  
  22  1:44  Overlord  
  22  1:53  Overlord  
  22  1:56  Metabolic Boost  
  22  2:10  Zergling x2  
  22  2:15  Zergling x2  
  24  2:30  Hatchery  
  24  2:31  Zergling x2  
  24  2:32  Hatchery  
  23  2:38  Zergling x2  
  24  2:47  Drone  
  27  3:01  Zergling x2  
  26  3:14  Evolution Chamber  
  26  3:16  Drone  
  26  3:23  Zergling x2  
  27  3:29  Zergling x2  
  28  3:34  Lair  
  28  3:40  Zerg Ground Armor Level 1  
  28  3:44  Zergling x6  
  31  3:52  Drone  
  32  3:56  Zergling x2  
  32  3:59  Queen  
  32  4:02  Drone  
  36  4:08  Zergling x2  
  37  4:16  Queen  
  37  4:19  Zergling x2  
  37  4:20  Zergling x4  
  42  4:27  Extractor, Drone x2  
  42  4:28  Drone  
  44  4:35  Drone  
  44  4:36  Drone  
  46  4:39  Drone  
  47  4:52  Zergling x4  
  49  5:06  Drone  
  50  5:08  Overlord x2  
  50  5:09  Overlord  
  50  5:27  Drone x6  
  56  5:32  Extractor  
  56  5:34  Zerg Melee Weapons Level 1  
  55  5:39  Zergling x6  
  55  5:41  Drone x2  
  60  5:44  Zergling x6  
  63  5:50  Overlord  
  63  5:53  Zergling x6  
  56  6:17  Zergling x16  
  56  6:18  Zergling x4  
  59  6:27  Zergling x2  
  59  6:28  Zergling x4  
  62  6:37  Drone x2  
  64  6:45  Drone  
  65  6:48  Extractor  
  65  6:50  Drone  
  65  6:51  Drone x2  
  65  6:53  Zergling x4  
  69  7:02  Roach Warren  
  68  7:13  Drone x3  
  68  7:14  Drone x2  
  73  7:18  Zergling x8  
  73  7:20  Zergling x4  
  73  7:21  Zergling x4  
  81  7:32  Hydralisk Den  
  81  7:33  Zerg Missile Weapons Level 1  
  80  7:40  Evolution Chamber  
  81  7:44  Roach  
  81  7:45  Overlord x3  
  81  7:56  Drone  
  82  8:02  Grooved Spines  
  82  8:06  Zerg Melee Weapons Level 2  
  82  8:16  Infestation Pit  
  82  8:17  Hydralisk x3  
  87  8:21  Hydralisk  
  87  8:22  Hydralisk  
  91  8:29  Hydralisk x2  
  95  8:39  Drone  
  95  8:40  Hydralisk x2  
  100  8:43  Hydralisk  
  100  8:47  Hydralisk  
  104  8:52  Drone  
  105  9:03  Overlord x3  
  105  9:14  Muscular Augments  
  87  9:27  Zerg Ground Armor Level 2  
  57  9:48  Hydralisk x7  
  57  9:49  Hydralisk x5  
  57  9:52  Hydralisk  
  77  9:55  Hydralisk  
  81  10:05  Hydralisk x2  
  85  10:13  Hydralisk x2  
  89  10:21  Zerg Missile Weapons Level 2, Hydralisk  
  89  10:25  Hydralisk  
  93  10:29  Hydralisk  
  95  10:46  Overseer  
  95  10:48  Overseer  
  95  10:54  Hive  
  95  11:00  Hydralisk x2  
  95  11:01  Hydralisk x2  
  103  11:04  Hydralisk  
  103  11:08  Overlord  
  105  11:12  Hydralisk  
  107  11:36  Hydralisk x5  
  107  11:37  Hydralisk  
  119  11:42  Hydralisk  
  119  11:46  Hydralisk  
  121  11:50  Hydralisk  
  125  12:07  Hatchery  
  124  12:12  Hydralisk x2  
  128  12:15  Hydralisk  
  128  12:20  Overlord  
  130  12:45  Hydralisk  
  130  12:46  Hydralisk x3  
  102  13:26  Hydralisk x2  
  102  13:27  Hydralisk x7  
  56  13:28  Hydralisk x3  
  56  13:33  Drone  
Tags
 
Add a new tag
Caveats
  • Supply blocks, unpowered buildings, or Contaminate may cause inaccurate times.
  • Supply counts are checked every 10 seconds.